 Dungeon Crawl Stone Soup version 0.32-a0-42-ga30500b4d3 (webtiles) character file.

Game seed: 3164012051057689012

142 Dittersdorf the Trooper (level 5, -3/33 HPs)
             Began as a Gargoyle Fighter on Jan 29, 2024.
             Constricted to death by Ijyb (7 damage)
             ... on level 3 of the Dungeon.
             The game lasted 00:03:08 (2046 turns).

Dittersdorf the Trooper (Gargoyle Fighter)          Turns: 2046, Time: 00:03:09

Health: -3/33      AC: 11    Str: 22    XL:     5   Next: 25%
Magic:  5/5        EV:  6    Int:  8    God:
Gold:   101        SH:  4    Dex:  9    Spells: 4/4 levels left

rFire   . . .        a - +0 flail
rCold   . . .        c - +0 buckler
rNeg    + . .        b - +0 scale mail
rPois   ∞            (no helmet)
rElec   +            (no cloak)
rCorr   .            (no gloves)
SInv    .            (no boots)
Will    .....        (no amulet) Stlth
                     (no ring)
HPRegen 0.25/turn    (no ring)
MPRegen 0.09/turn

%: no passive effects
@: grasped by roots, constricted
A: sickness immunity, AC +4, negative energy resistance 1, electricity
resistance, torment resistance 1, petrification resistance
a: no special abilities


You were on level 3 of the Dungeon.
You visited 1 branch of the dungeon, and saw 3 of its levels.

You collected 101 gold pieces.

Inventory:

Hand Weapons
 a - a +0 flail (weapon)
Armour
 b - a +0 scale mail (worn)
 c - a +0 buckler (worn)
 q - a +0 plate armour
Scrolls
 e - a scroll of enchant weapon {unknown}
 h - 5 scrolls of identify {unknown}
 i - a scroll of poison {unknown}
 j - a scroll of teleportation {unknown}
 k - a scroll of vulnerability {unknown}
 l - a scroll of acquirement {unknown}
 p - a scroll of enchant armour {unknown}
Potions
 d - a potion of might
 f - a potion of berserk rage {unknown}
 g - 3 potions of curing {unknown}
 m - a potion of attraction {unknown}
 n - a potion of mutation {unknown}
 o - a potion of degeneration {unknown}
 r - a potion of enlightenment {unknown}
 s - a potion of lignification {unknown}


   Skills:
 + Level 4.2 Fighting
 + Level 3.1 Maces & Flails
 + Level 4.2 Armour
 + Level 4.2 Shields


You had 4 spell levels left.
You didn't know any spells.
Your spell library contained the following spells:

 Spells                   Type           Power      Damage    Failure   Level
 Lesser Beckoning         Tloc           0%         N/A       90%         2
 Gell's Gravitas          Tloc           0%         N/A       99%         3
 Teleport Other           Tloc           0%         N/A       99%         3


Dungeon Overview and Level Annotations

Branches:
Dungeon (3/15)

Altars:
Hepliaklqana

Shops:
D:3 [

Annotations:
D:3 Grinder, Ijyb


Innate Abilities, Weirdness & Mutations

You are immune to sickness and miasma.
Your stone body is resilient. (AC +4)
You are immune to poison.
You resist negative energy. (rN+)
You are resistant to electric shocks. (rElec)
You are resistant to unholy torment.
You are immune to petrification.


Message History

You are too injured to fight recklessly!
You are too injured to fight recklessly!
You are too injured to fight recklessly!
You are too injured to fight recklessly!
You are too injured to fight recklessly!
You are too injured to fight recklessly!
You are too injured to fight recklessly!
You are too injured to fight recklessly!
You are too injured to fight recklessly!
You are too injured to fight recklessly!
You are too injured to fight recklessly!
You are too injured to fight recklessly!
You are too injured to fight recklessly!
You are too injured to fight recklessly!
You are too injured to fight recklessly!
You are too injured to fight recklessly!
You are too injured to fight recklessly!
You are too injured to fight recklessly!
You are too injured to fight recklessly!
You are too injured to fight recklessly!
You are too injured to fight recklessly!
You are too injured to fight recklessly!
You are too injured to fight recklessly!
You are too injured to fight recklessly!
You escape the roots grasp.
Grinder says, "DUCK!"
Ijyb screams, "It's all mine!"
Ijyb zaps a wand.
The roots erupt in riotous growth!
The grasping roots grab you! The grasping roots constrict you.
Grinder blinks!
The roots grasp on you weakens, but your attempt to escape fails.
The grasping roots constrict you.
* * * LOW HITPOINT WARNING * * *
You hit Ijyb but do no damage. Ijyb barely misses you.
The grasping roots constrict you.
* * * LOW HITPOINT WARNING * * *
Ijyb hits you with a +0 dagger of venom.
* * * LOW HITPOINT WARNING * * *
The grasping roots constrict you!
You die...

...# ## #. ...# ..#.# ....#
#.#.####### ....#
#.#.......# .....#
#...#####.###.....#
#...#..[#..#.......
#.#.#####....$.....
#.#####....∩@gg.#......#
.#........#####..#......#
.#.#.#.#.#.#..[#..#......#
.#.#.#.#.#..#####..#.)....#
#.#.#.#.#.#.......##.######
#.#.#.#.#.#.........#
.#.#.#.#.#.##########
#.#.#.#.#.#.#.#
.#.#.#.#.#.#.###


You could see 2 animated armours, Ijyb and a goblin.

Vanquished Creatures
  3 gnolls
  5 adders
  3 dart slugs
  A ribbon worm (D:1)
  5 bats (D:1)
  7 endoplasms
  2 giant cockroaches (D:1)
  4 goblins
  A hobgoblin (D:2)
  9 jackals (D:1)
  4 quokkas
  2 ball pythons
  A frilled lizard (D:1)
  5 kobolds
  5 rats
57 creatures vanquished.

Notes
Turn   | Place    | Note
-------+----------+-------------------------------------------
     0 | D:1      | Dittersdorf the Gargoyle Fighter began the quest for the
                  | Orb.
     0 | D:1      | Reached XP level 1. HP: 14/14 MP: 1/1
    94 | D:1      | Reached XP level 2. HP: 17/19 MP: 2/2
   263 | D:1      | Reached XP level 3. HP: 21/23 MP: 3/3
   672 | D:2      | Found a hazy altar of Hepliaklqana.
   814 | D:1      | Reached XP level 4. HP: 29/29 MP: 4/4
  1254 | D:2      | Reached XP level 5. HP: 30/33 MP: 5/5
  2021 | D:3      | Noticed an animated pearl dragon scales
  2023 | D:3      | Found Lifal's Armour Boutique.
  2025 | D:3      | Noticed an animated crystal plate armour
  2035 | D:3      | Noticed Grinder
  2035 | D:3      | Noticed Ijyb
  2046 | D:3      | Constricted to death by Ijyb

Illustrated notes

Levels and vault maps discovered:
D:1:      saegor_arrival_simple_c, layout_rooms, serial_corexii_hall,
          chequers_hall_statues_corner_a, corexii_hall_statues_x,
          corexii_hall_statues_s, chequers_hall_statues_corner_a
D:2:      wad_woods_stonehenge, layout_basic, serial_glass, glass_columns_b,
          glass_columns_a, glass_columns_a, glass_columns_a,
          hangedman_feature_mirror, hangedman_decor_opposing
D:3:      layout_basic, nicolae_yredelemnul_corpse_copse, bloody_trog,
          serial_shops, nicolae_shop_mannequins, uniq_crazy_yiuf_cottage,
          uniq_ijyb, uniq_grinder, uniq_terence

Skill      XL: |  1  2  3  4 |
---------------+-------------+-----
Fighting       | 4 |  4.2
Armour         | 4 |  4.2
Shields        | 4 |  4.2
Maces & Flails | 3 |  3.1

Action                     |  1- 3 |  4- 6 || total
---------------------------+-------+-------++-------
  Melee: Flail             |   112 |   128 ||   240
 Armour: Scale mail        |   116 |    79 ||   195
  Dodge: Dodged            |    58 |    50 ||   108
  Block: Buckler           |    39 |    22 ||    61

Table legend: (Time is in decaauts)
 A = Elapsed time spent in this place.
 B = Non-inter-level travel time spent in this place.
 C = Inter-level travel time spent in this place.
 D = Time resting spent in this place.
 E = Time spent auto-exploring this place.
 F = Levels seen in this place.
 G = Mean time per level.
                   A        B        C        D        E       F      G
               +--------+--------+--------+--------+--------+-----+--------+
         Total |   2124 |   2044 |     80 |    120 |   1341 |   3 |  708.0 |
       Dungeon |   2124 |   2044 |     80 |    120 |   1341 |   3 |  708.0 |
               +--------+--------+--------+--------+--------+-----+--------+

Top non-repeatable levels by time:
     D:2: 1196 daAuts
     D:1: 888 daAuts
     D:3: 39 daAuts
